 Dungeon Crawl Stone Soup version 0.26-a0-665-gefeb406119 (webtiles) character file.

Game seed: 13869201245552675840

5140 vortex the Thaumaturge (level 10, -1/59 HPs)
             Began as a Deep Elf Fire Elementalist on Oct 14, 2020.
             Was a Believer of Fedhas.
             Slain by a warg (12 damage)
             ... on level 11 of the Dungeon.
             The game lasted 00:37:30 (12657 turns).

vortex the Thaumaturge (DEFE)                      Turns: 12657, Time: 00:37:31

Health: -1/59      AC:  8    Str: 10    XL:     10   Next: 33%
Magic:  26/33      EV: 16    Int: 23    God:    Fedhas [**....]
Gold:   66         SH:  0    Dex: 13    Spells: 8/26 levels left

rFire    + . .     SeeInvis .   h - +5 dagger
rCold    x . .     Faith    .   (no shield)
rNeg     + + .     Spirit   .   I - +1 leather armour {rPois}
rPois    +         Reflect  .   l - +2 hat
rElec    .         Harm     .   r - +0 cloak
rCorr    .         Rampage  .   w - +0 pair of gloves
MR       +....                  (no boots)
Stlth    +++.......             (no amulet)
HPRegen  0.19/turn              C - ring of fire
MPRegen  0.23/turn              F - ring of Sloth {rN++ MP+9 Str+2 Int+2 Dex-2}

@: marked
A: no striking features
a: Wall of Briars, Renounce Religion


You were on level 11 of the Dungeon.
You worshipped Fedhas.
Fedhas was pleased with you.
You visited 2 branches of the dungeon, and saw 10 of its levels.
You also visited: Ossuary.

You collected 529 gold pieces.
You spent 463 gold pieces at shops.

Inventory:

Hand Weapons
 h - a +5 dagger (weapon)
Armour
 l - a +2 hat (worn)
 r - a +0 cloak (worn)
 w - a +0 pair of gloves (worn)
 I - a +1 leather armour of poison resistance (worn)
Jewellery
 C - a ring of fire (left hand)
 F - the ring of Sloth (right hand) {rN++ MP+9 Str+2 Int+2 Dex-2}
   (You found it on level 7 of the Dungeon)

   [ring of magical power]

   It affects your strength (+2).
   It affects your intelligence (+2).
   It affects your dexterity (-2).
   It greatly protects you from negative energy.
   It affects your magic capacity (+9).
Wands
 a - a wand of polymorph (4)
 D - a wand of acid (21)
Scrolls
 c - 3 scrolls of blinking
 f - 4 scrolls of immolation
 i - a scroll of identify
 j - 5 scrolls of teleportation
 q - 9 scrolls of remove curse
 v - 3 scrolls of magic mapping
 x - a scroll of fog
 y - a scroll of amnesia
 B - a scroll of holy word
 E - a scroll of summoning
Potions
 b - 5 potions of lignification
 d - 2 potions of brilliance {unknown}
 e - a potion of might {unknown}
 g - 2 potions of cancellation {unknown}
 k - a potion of mutation {unknown}
 m - a potion of magic {unknown}
 n - a potion of berserk rage {unknown}
 o - a potion of invisibility
 p - 2 potions of curing
 s - a potion of heal wounds {unknown}
 t - a potion of ambrosia {unknown}
 u - a potion of haste {unknown}
 z - 2 potions of flight {unknown}
 A - a potion of stabbing


   Skills:
 + Level 5.0 Fighting
 + Level 2.6 Armour
 + Level 7.8 Dodging
 - Level 4.7 Stealth
 + Level 8.7 Spellcasting
 + Level 6.9 Conjurations
 + Level 7.6 Fire Magic
 + Level 3.1 Air Magic
 + Level 2.4 Invocations


You had 8 spell levels left.
You knew the following spells:

 Your Spells              Type           Power        Failure   Level
a - Foxfire               Conj/Fire      ####         1%          1
b - Mephitic Cloud        Conj/Pois/Air  ####....     6%          3
c - Sticky Flame          Conj/Fire      ######..     4%          4
d - Shock                 Conj/Air       ####         1%          1
e - Airstrike             Air            ###.......   22%         4
f - Fireball              Conj/Fire      ######....   12%         5

Your spell library contained the following spells:

 Spells                   Type           Power        Failure   Level
 Conjure Flame            Conj/Fire      ######..     1%          3
 Inner Flame              Hex/Fire       #####...     5%          3
 Poisonous Vapours        Pois/Air       ###...       7%          2


Dungeon Overview and Level Annotations

Branches:
Dungeon (8/15)             Temple (1/1) D:6            Lair (0/6) D:11
Ossuary (visited)

Altars:
Ashenzari
Cheibriados
Dithmenos
Elyvilon
Fedhas
Hepliaklqana
Kikubaaqudgha
Makhleb
Vehumet
The Shining One

Shops:
D:8 ?


Message History

The warg is moderately wounded.
The foxfire hits the bullfrog!
The bullfrog is heavily wounded.
The bullfrog hits you! The warg bites you! The bullfrog hits you.
The orc priest calls down the wrath of Beogh upon you.
Beogh smites you! The phantom hits you.
The phantom blinks!
The orc priest is engulfed in noxious fumes.
The orc priest appears confused.
Casting: Foxfire (safe; 1% risk of failure)
Confirm with . or Enter, or press ? or * to list all spells.
You feel a surge of power!
You conjure some foxfire!
The foxfire hits the warg!
The warg is heavily wounded.
The warg bites you!
* * * LOW HITPOINT WARNING * * *
The bullfrog releases a deep croak.
The bullfrog closely misses you.
A jackal comes into view.
The warg bites you!
You die...
Fedhas appreciates your contribution to the ecosystem.

.>.....
.......
.o.P...
°.W..# .
.....# ..h##
o°..#
......###ho.#
.....h.F@hh#
........v.##
..........#
..........#
..........#
........>.#
...........
............


You could see a phantom, 3 wargs, a bullfrog, 2 orc priests, an orc and 2
jackals.

Vanquished Creatures
  A two-headed ogre (D:8)
  A cyclops (D:8)
  The ghost of BruhMomento the Slasher, a novice DsBe of Trog (D:5)
  Sigmund (D:5)
  Edmund (D:5)
  3 orc warriors
  An ice beast (D:5)
  4 phantoms
  A sky beast (D:5)
  5 ogres
  4 centaurs
  2 elf zombies (Ossuary)
  2 bullfrogs
  A scorpion (D:7)
  5 killer bees (D:8)
  2 howler monkeys (D:4)
  A centaur zombie (Ossuary)
  A centaur skeleton (D:6)
  A human zombie (Ossuary)
  3 jellies
  5 orc priests
  7 hounds
  7 orc wizards
  2 iguanas
  6 worker ants
  A big kobold zombie (Ossuary)
  3 hound zombies
  3 mummies (Ossuary)
  4 gnolls (D:2)
  8 adders
  A hound simulacrum (D:5)
  4 shadow imps
  5 white imps
  A howler monkey simulacrum (D:5)
  2 worker ant simulacra (D:5)
  2 ufetubi (D:5)
  An adder skeleton (D:8)
  2 adder zombies (Ossuary)
  4 worms
  5 dart slugs
  5 leopard geckos
  30 orcs
  4 ball pythons
  5 giant cockroaches
  3 gnoll zombies (Ossuary)
  7 goblins
  8 hobgoblins
  4 jackals (D:5)
  5 kobolds
  3 quokkas
  A ball python simulacrum (D:5)
  A ball python skeleton (D:4)
  7 bats
  7 frilled lizards
  5 goblin zombies (Ossuary)
  4 hobgoblin zombies (Ossuary)
  A jackal skeleton (D:4)
  2 jackal zombies (Ossuary)
  5 kobold zombies (Ossuary)
  An orc zombie (Ossuary)
  2 quokka skeletons
  2 quokka zombies (Ossuary)
  8 rats
  3 rat zombies (Ossuary)
  A bush (D:5)
238 creatures vanquished.

Vanquished Creatures (others)
  1536 foxfires
1536 creatures vanquished.

Grand Total: 1774 creatures vanquished

Notes
Turn   | Place    | Note
-------+----------+-------------------------------------------
     0 | D:1      | vortex the Deep Elf Fire Elementalist began the quest for
                  | the Orb.
     0 | D:1      | Reached XP level 1. HP: 10/10 MP: 6/6
   258 | D:1      | Reached XP level 2. HP: 13/15 MP: 2/8
  1009 | D:1      | Reached XP level 3. HP: 19/19 MP: 0/9
  1839 | D:2      | Reached XP level 4. HP: 13/24 MP: 3/11
  2537 | D:2      | Reached skill level 1 in Fighting
  2738 | D:3      | Found a faded altar of an unknown god.
  2930 | D:3      | Learned a level 4 spell: Sticky Flame
  2989 | D:3      | Reached skill level 4 in Spellcasting
  2989 | D:3      | Reached XP level 5. HP: 12/29 MP: 2/13
  3946 | D:4      | Noticed an ogre
  3952 | D:4      | Killed an ogre
  3952 | D:4      | Reached XP level 6. HP: 34/34 MP: 5/14
  4220 | D:4      | Found a sand-covered staircase.
  4224 | Ossuary  | Entered an ossuary
  4839 | Ossuary  | Reached XP level 7. HP: 28/40 MP: 1/16
  4853 | Ossuary  | Reached skill level 5 in Spellcasting
  5349 | Ossuary  | Learned a level 5 spell: Fireball
  5374 | D:4      | Reached skill level 5 in Fire Magic
  5771 | D:4      | Reached skill level 5 in Dodging
  6154 | D:4      | Reached XP level 8. HP: 45/45 MP: 13/18
  6435 | D:5      | Entered Level 5 of the Dungeon
  6498 | D:5      | Identified the Collected Works on the Aerial Blaze
  6595 | D:5      | Found a runed translucent gate.
  6595 | D:5      | Found a runed translucent gate.
  6595 | D:5      | Found a runed translucent gate.
  6605 | D:5      | Reached skill level 6 in Spellcasting
  6944 | D:5      | Noticed Sigmund
  6952 | D:5      | Killed Sigmund
  7238 | D:5      | Reached skill level 5 in Conjurations
  7515 | D:5      | Noticed BruhMomento's ghost (novice DsBe)
  7877 | D:5      | Reached skill level 7 in Spellcasting
  7900 | D:5      | Killed BruhMomento's ghost
  7900 | D:5      | Reached XP level 9. HP: 24/52 MP: 0/21
  8222 | D:5      | Learned a level 3 spell: Mephitic Cloud
  8224 | D:5      | Learned a level 1 spell: Shock
  8229 | D:5      | Learned a level 4 spell: Airstrike
  8333 | D:6      | Noticed Edmund
  8414 | D:5      | Killed Edmund
  8459 | D:6      | Found a staircase to the Ecumenical Temple.
  8468 | Temple   | Entered the Ecumenical Temple
  8512 | Temple   | Became a worshipper of Fedhas Madash
  8747 | D:6      | Reached skill level 1 in Air Magic
  8767 | D:5      | Reached skill level 1 in Armour
  9524 | D:6      | Reached * piety under Fedhas
  9994 | D:6      | Reached skill level 8 in Spellcasting
 10418 | D:7      | Got a flickering brass ring
 10472 | D:7      | Identified the ring of Sloth {rN++ MP+9 Str+2 Int+2 Dex-2}
                  | (You found it on level 7 of the Dungeon)
 11024 | D:7      | Found an ancient bone altar of Kikubaaqudgha.
 11274 | D:8      | Noticed a cyclops
 11282 | D:8      | HP: 2/52 [cyclops/large rock (9)]
 11289 | D:8      | Killed a cyclops
 11289 | D:8      | Reached skill level 1 in Invocations
 11671 | D:8      | Noticed a two-headed ogre
 11680 | D:8      | Killed a two-headed ogre
 11680 | D:8      | Reached XP level 10. HP: 19/58 MP: 24/24
 12016 | D:8      | Found Muqih's Magic Scroll Shoppe.
 12055 | D:8      | Bought a scroll of summoning for 142 gold pieces
 12055 | D:8      | Bought a scroll of enchant armour for 112 gold pieces
 12055 | D:8      | Bought a scroll of random uselessness for 15 gold pieces
 12055 | D:8      | Bought a scroll of immolation for 52 gold pieces
 12055 | D:8      | Bought a scroll of identify for 30 gold pieces
 12055 | D:8      | Bought a scroll of identify for 30 gold pieces
 12055 | D:8      | Bought a scroll of magic mapping for 52 gold pieces
 12055 | D:8      | Bought a scroll of identify for 30 gold pieces
 12163 | D:8      | Reached ** piety under Fedhas
 12610 | D:8      | You fall into a shaft and drop 3 floors!
 12616 | D:11     | Reached skill level 5 in Fighting
 12651 | D:11     | Found a staircase to the Lair.
 12657 | D:11     | Slain by a warg

Illustrated notes

Levels and vault maps discovered:
D:1:      saegor_arrival_simple_e, layout_loops_ring
D:2:      layout_rooms
D:3:      layout_rooms, chequers_ecumenical_altar_island, st_stairs_4
D:4:      cheibrodos_pilgrimage, layout_cave_pools, enter_ossuary_5
D:5:      layout_gridville, gammafunk_ghost_icy, kb_lookout_dungeons_type,
          kennysheep_boxes, uniq_sigmund
D:6:      minmay_spotlight, layout_basic, minmay_temple_entry_large_hall,
          portal_sewer_entry_a, chequers_avenue, uniq_edmund
D:7:      layout_gridville, lemuel_round_altar
D:8:      layout_basic, serial_shops, shop
D:11:     layout_irregular_city, erik_lair_orcish_takeover,
          kennysheep_opposing_triangles, uniq_nergalle
Temple:   minmay_crystal_snake_temple

Skill      XL: |  1  2  3  4  5  6  7  8  9 10 |
---------------+-------------------------------+-----
Dodging        | 3 4 5 6 7 |  7.8
Stealth        | 3 4 |  4.7
Conjurations   | 2 3 4 5 6 |  6.9
Fighting       | 1 2 3 4 5 |  5.0
Fire Magic     | 4 5 6 7 |  7.6
Spellcasting   | 4 5 7 8 |  8.7
Air Magic      | 2 3 |  3.1
Armour         | 2 |  2.6
Invocations    | 2 |  2.4

Action                   |  1- 3 |  4- 6 |  7- 9 | 10-12 || total
-------------------------+-------+-------+-------+-------++-------
Melee: Dagger            |     1 |     8 |    73 |       ||    82
       Short sword       |     1 |       |       |       ||     1
 Cast: Foxfire           |   111 |   216 |   499 |    57 ||   883
       Sticky Flame      |       |       |     2 |     3 ||     5
       Mephitic Cloud    |       |       |     1 |     4 ||     5
       Shock             |       |       |     1 |       ||     1
  Use: Scroll            |       |     3 |    10 |     4 ||    17
       Potion            |       |     1 |       |       ||     1
 Stab: Sleeping          |       |       |     3 |       ||     3
Armor: Robe              |     5 |     9 |     6 |       ||    20
       Skin              |       |     1 |       |       ||     1
       Leather armour    |       |       |    16 |     2 ||    18
       Ring mail         |       |       |       |    10 ||    10
Dodge: Dodged            |    17 |    27 |    76 |    37 ||   157

Table legend: (Time is in decaauts)
 A = Elapsed time spent in this place.
 B = Non-inter-level travel time spent in this place.
 C = Inter-level travel time spent in this place.
 D = Time resting spent in this place.
 E = Time spent auto-exploring this place.
 F = Levels seen in this place.
 G = Mean time per level.
                   A        B        C        D        E       F      G
               +--------+--------+--------+--------+--------+-----+--------+
         Total |  12644 |  11979 |    665 |    252 |   9949 |  11 | 1149.5 |
       Dungeon |  11435 |  10812 |    623 |    230 |   9064 |   9 | 1270.6 |
        Temple |     82 |     40 |     42 |      0 |     38 |   1 |   82.0 |
       Ossuary |   1125 |   1125 |      0 |     22 |    847 |   1 | 1125.0 |
               +--------+--------+--------+--------+--------+-----+--------+

Top non-repeatable levels by time:
     D:5: 2541 daAuts
     D:1: 1676 daAuts
     D:4: 1428 daAuts
     D:8: 1406 daAuts
     D:3: 1185 daAuts
 Ossuary: 1125 daAuts
     D:6: 1073 daAuts
     D:7: 1054 daAuts
     D:2: 1022 daAuts
  Temple: 82 daAuts
    D:11: 46 daAuts
